 Dungeon Crawl Stone Soup version 0.28-a0-1152-g9c71ebef14 (webtiles) character file.

Game seed: 16452841617037495763

14 spaghetti the Sneak (level 2, -7/25 HPs)
             Began as a Demonspawn Delver on Dec 14, 2021.
             Killed by divine providence
             ... invoked by an orc priest
              (10 damage)
             ... on level 4 of the Dungeon.
             The game lasted 00:00:45 (528 turns).

spaghetti the Sneak (Demonspawn Delver)              Turns: 528, Time: 00:00:45

Health: -7/25      AC:  3    Str: 12    XL:     2   Next: 27%
Magic:  2/2        EV: 11    Int: 11    God:
Gold:   10         SH:  0    Dex: 16    Spells: 1/1 levels left

rFire   . . .      SeeInvis .   a - +0 falchion {long}
rCold   . . .      Faith    .   (no shield)
rNeg    . . .      Spirit   .   b - +0 leather armour
rPois   .          Reflect  .   (no helmet)
rElec   .          Harm     .   (no cloak)
rCorr   .          Rampage  .   (no gloves)
Will    .....                   (no boots)
Stlth   ++++......              (no amulet)
HPRegen 0.08/turn               (no ring)
MPRegen 0.08/turn               (no ring)

@: no status effects
A: thin skeletal structure 1
a: no special abilities


You were on level 4 of the Dungeon.
You visited 1 branch of the dungeon, and saw 3 of its levels.

You collected 10 gold pieces.


Innate Abilities, Weirdness & Mutations

You have a somewhat thin skeletal structure. (Dex +2, Stealth+)


   Skills:
 + Level 3.7 Fighting
 - Level 1.7 Long Blades
 - Level 1.7 Dodging
 - Level 4.5 Stealth


You had one spell level left.
You didn't know any spells.
Your spell library was empty.

Inventory:

Hand Weapons
 a - a +0 falchion (weapon) {long}
Missiles
 h - 13 stones (quivered) {throwing}
Armour
 b - a +0 leather armour (worn)
Wands
 g - a wand of digging (3)
Scrolls
 c - a scroll of fog
Potions
 f - a potion of haste {@q3}

Dungeon Overview and Level Annotations

Branches:
Dungeon (6/15)
 Temple: D:4-7

Altars:

###...#........#...#.............
......#........#...#.............
......#........#...#............)
......#........#...#.)...........
......#........#...'.............
#####'#........#...#.............
.........#######...##############
.........#...............,,,,,+,,
.........#......@........,,,,,*,,
.........'o....o......o..,,,,,*,,
.........################**,,,*,,
####......,,,,,,,,,,*,,,,********
,,,###+##..,,,,,,,,,*,,,,*,,,,,,,
,,,,,,,,*...,,,,,,,,+,,,,+,,,,,,,
,,,,,,,,*,,,,,,,,,,,*,,,,*,,,,,,,
,,,**,,,*,,,,,,,,,,,******,,,,,,,
*+***,,,*,,,,,,,,,,,,,,>,,,,,,,,,


You could see an orc priest and 2 orcs.


Message History

No target in view!
No target in view!
No target in view!
No target in view!
No target in view!
No target in view!
No target in view!
No target in view!
No target in view!
No target in view!
No target in view!
An orc comes into view. It is wielding a +0 whip.
An orc is nearby!
An orc is nearby!
The orc shouts!
You hit the orc but do no damage. The orc closely misses you.
The orc barely misses you.
You hit the orc.
The orc hits you with a +0 whip. 😕 HP[-4]
You take 4 damage, and now have 21/25 hp.
You slash the orc!
You kill the orc!
No target in view!
No target in view!
No target in view!
No target in view!
No target in view!
No target in view!
No target in view!
No target in view!
No target in view!
Things that are here:
a +0 whip {mace}; a +0 ring mail; 😎 HP[+4]
Your hp is fully restored (25).
You now have 10 gold pieces.
You open the door.
An orc and an orc priest come into view.
There are monsters nearby!
An orc comes into view. It is wielding a +0 hand axe.
There is an open door here.
An orc wizard comes into view. It is wielding a +0 dagger.
An orc wizard comes into view. It is wielding a +0 dagger.
The orc wizard shouts!
The orc shouts!
The orc wizard shouts!
The orc shouts!
The orc priest shouts!
The orc wizard mumbles some strange words.
The orc wizard flickers and vanishes!
Deactivating autopickup; reactivate with Ctrl-A.
The orc wizard barely misses you. The orc closely misses you.
You miss the orc wizard.
The orc wizard hits you but does no damage.
The orc hits you with a +0 short sword.
You closely miss the orc wizard. The orc wizard closely misses you.
The orc misses you.
You barely miss the orc wizard.
The orc wizard hits you with a +0 dagger.
The orc hits you but does no damage. The orc priest barely misses you.
The orc priest hits you with a +0 dagger.
The orc hits you with a +0 short sword. 😮 HP[-12]
You take 12 damage, and now have 13/25 hp.
MASSIVE DAMAGE!! (PAUSE)
Okay, then.
Okay, then.
As you read the scroll of fear, it crumbles to dust.
You assume a fearsome visage.
The orc looks frightened!
The orc wizard looks frightened!
The orc priest looks frightened!
The orc looks frightened!
The orc wizard gestures wildly while chanting.
The orc wizard flickers and vanishes! 😮 HP[+1]
You hit the orc priest.
Your attack snaps the orc priest out of its fear.
The orc priest hits you with a +0 dagger.
* * * LOW HITPOINT WARNING * * *
The orc priest misses you. 😨 HP[-2]
You take 2 damage, and now have 12/25 hp.
Unknown command.
You hit the orc priest.
The orc priest hits you with a +0 dagger.
* * * LOW HITPOINT WARNING * * *
😨 HP[-1]
You take 1 damage, and now have 11/25 hp.
Unknown command.
You hit the orc priest.
An orc opens the door.
The orc priest hits you with a +0 dagger.
* * * LOW HITPOINT WARNING * * *
😨 HP[-4]
You take 4 damage, and now have 7/25 hp.
Unknown command.
You barely miss the orc priest.
The orc priest hits you with a +0 dagger.
* * * LOW HITPOINT WARNING * * *
😱 HP[-4]
You take 4 damage, and now have 3/25 hp.
Unknown command.
You hit the orc priest.
The orc priest mumbles some strange prayers to Beogh against you.
Beogh smites you!
You die...

Action                   || total
-------------------------++-------
Melee: Falchion          ||    21
  Use: Scroll            ||     2
       Potion            ||     1
 Stab: Sleeping          ||     1
Armor: Leather armour    ||     3
Dodge: Dodged            ||    10

Levels and vault maps discovered:
D:4:      layout_gridville, nicolae_stop_n_shop_2
D:5:      layout_loops_ring, minmay_temple_entry_proselytizer
D:6:      layout_rooms, chequers_temple_overflow_minitemple, uniq_grinder

Notes
Turn   | Place    | Note
-------+----------+-------------------------------------------
     0 | D:5      | spaghetti the Demonspawn Delver began the quest for the
                  | Orb.
     0 | D:5      | Reached XP level 1. HP: 18/18 MP: 1/1
     0 | D:5      | magus.rc [v1.9.6]
    19 | D:5      | Noticed an ogre
    43 | D:5      | Noticed an ogre
   257 | D:4      | Gained mutation: You have a somewhat thin skeletal
                  | structure. (Dex +2, Stealth+) [demonic ancestry]
   257 | D:4      | Reached XP level 2. HP: 14/25 MP: 2/2
   527 | D:4      | HP: 3/25 [orc priest (4)]
   528 | D:4      | Killed from afar by an orc priest

Vanquished Creatures
  A white imp (D:5)
  A worm (D:4)
  An orc (D:4)
  A ball python (D:4)
4 creatures vanquished.

Table legend:
 A = Non-vault XP
 B = Vault XP
 C = Vault XP percentage of total XP
 D = Non-vault monster count
 E = Vault monster count
 F = Vault count percentage of total count
                 A         B        C        D         E       F
            +---------+---------+-------+---------+---------+-------
      Total |      20 |       0 |   0.0 |       4 |       0 |   0.0
            +---------+---------+-------+---------+---------+-------
        D:4 |      10 |       0 |   0.0 |       3 |       0 |   0.0
        D:5 |      10 |       0 |   0.0 |       1 |       0 |   0.0
            +---------+---------+-------+---------+---------+-------

Illustrated notes

Table legend:
 A = Kills in this place as a percentage of kills in entire the game.
 B = Kills by you in this place as a percentage of kills by you in the entire game.
 C = Kills by friends in this place as a percentage of kills by friends in the entire game.
 D = Other kills in this place as a percentage of other kills in the entire game.
 E = Experience gained in this place as a percentage of experience gained in the entire game.
 F = Experience gained in this place divided by the number of levels of this place that you have seen.
                   A       B       C       D       E      F
               +-------+-------+-------+-------+-------+----------------------
         Total | 100.0 | 100.0 |   N/A |   N/A | 100.0 |   6.7
       Dungeon | 100.0 | 100.0 |   N/A |   N/A | 100.0 |   6.7
               +-------+-------+-------+-------+-------+----------------------

Table legend: (Time is in decaauts)
 A = Elapsed time spent in this place.
 B = Non-inter-level travel time spent in this place.
 C = Inter-level travel time spent in this place.
 D = Time resting spent in this place.
 E = Time spent auto-exploring this place.
 F = Levels seen in this place.
 G = Mean time per level.
                   A        B        C        D        E       F      G
               +--------+--------+--------+--------+--------+-----+--------+
         Total |    532 |    527 |      5 |    313 |    141 |   3 |  177.3 |
       Dungeon |    532 |    527 |      5 |    313 |    141 |   3 |  177.3 |
               +--------+--------+--------+--------+--------+-----+--------+

Top non-repeatable levels by time:
     D:4: 482 daAuts
     D:5: 43 daAuts
     D:6: 6 daAuts
